 Dungeon Crawl Stone Soup version 0.32-a0-975-g85d4e5bfdb (webtiles) character file.

Game seed: 17681128379328758730

3401 Fodor the Protected (level 9, -11/81 HPs)
             Began as a Minotaur Fighter on Apr 18, 2024.
             Was an Initiate of Gozag.
             Mangled by an orc warrior
             ... wielding a +1 heavy scimitar
              (21 damage)
             ... on level 8 of the Dungeon.
             The game lasted 00:18:15 (6996 turns).

Fodor the Protected (Minotaur Fighter)              Turns: 6996, Time: 00:18:16

Health: -11/81     AC: 12    Str: 23 (25) XL:     9   Next: 75%
Magic:  8/8        EV:  8    Int:  4 (5)  God:    Gozag
Gold:   745        SH:  4    Dex:  7 (10) Spells: 8/8 levels left

rFire   + . .        w - +3 trident of Awkwardness {heavy, rF+ rC+ rN+}
rCold   + . .        c - +0 buckler
rNeg    + . .        C - +0 chain mail
rPois   .            (helmet restricted)
rElec   .            (no cloak)
rCorr   .            (no gloves)
SInv    .            y - +0 pair of boots
Will    +....        (no amulet) Stlth
                     (no ring)
HPRegen 0.33/turn    (no ring)
MPRegen 0.11/turn

%: no passive effects
@: brilliant, marked, gold aura, enlightened, flying
A: horns 2, retaliatory headbutt
a: Renounce Religion, Potion Petition, Call Merchant, Bribe Branch


You were on level 8 of the Dungeon.
You worshipped Gozag.
Gozag was pleased with you.
You visited 2 branches of the dungeon, and saw 9 of its levels.

You collected 936 gold pieces.
You spent 93 gold pieces at shops.
You paid 98 gold pieces to Gozag.

Inventory:

Hand Weapons
 t - a +0 sling
 w - the +3 trident of Awkwardness (weapon) {heavy, rF+ rC+ rN+}
   (You found it on level 5 of the Dungeon)

   rF+:       It protects you from fire.
   rC+:       It protects you from cold.
   rN+:       It protects you from negative energy.
 B - a +4 flail of venom
 D - a +0 orcbow
Missiles
 a - 2 throwing nets
 F - 3 boomerangs (quivered)
Armour
 c - a +0 buckler (worn)
 y - a +0 pair of boots (worn)
 C - a +0 chain mail (worn)
Talismans
 E - a maw talisman
Wands
 u - a wand of paralysis (12)
 H - a wand of roots (10)
 I - a wand of digging (8)
Scrolls
 i - 3 scrolls of immolation {unknown}
 l - 2 scrolls of enchant weapon {unknown}
 m - a scroll of fear {unknown}
 n - 2 scrolls of blinking {unknown}
 q - a scroll of torment {unknown}
 s - a scroll of poison {unknown}
 v - a scroll of enchant armour {unknown}
 x - a scroll of teleportation {unknown}
 A - 2 scrolls of revelation {unknown}
Potions
 b - a potion of heal wounds {unknown}
 e - 3 potions of haste {unknown}
 f - 2 potions of brilliance
 h - a potion of enlightenment
 j - a potion of lignification
 k - a potion of ambrosia
 o - 4 potions of degeneration
 p - 2 potions of attraction
 r - a potion of invisibility {unknown}
 z - a potion of cancellation {unknown}
 G - a potion of magic {unknown}


   Skills:
 + Level 7.8 Fighting
 + Level 7.2(8.4) Axes
 + Level 6.6(8.1) Polearms
 + Level 3.1 Ranged Weapons
 + Level 9.0 Armour
 + Level 4.2 Dodging
 + Level 1.0 Stealth
 + Level 6.4 Shields


You had 8 spell levels left.
You didn't know any spells.
Your spell library contained the following spells:

 Spells                   Type           Power      Damage    Failure   Level
 Sublimation of Blood     Necr           0%         N/A       99%         2
 Curse of Agony           Necr           0%         N/A       100%        5
 Rimeblight               Ice/Necr       0%         2d3       (prima100%   7


Dungeon Overview and Level Annotations

Branches:
Dungeon (8/15)             Temple (1/1) D:5
   Lair: D:8-11

Altars:
Ashenzari
Cheibriados
Dithmenos
Elyvilon
Fedhas
Gozag
Hepliaklqana
Kikubaaqudgha
Makhleb
Nemelex Xobeh
Okawaru
Qazlal
Ru
Trog
Uskayaw
Vehumet
Wu Jian
Xom
Yredelemnul
Zin
The Shining One

Shops:
D:1 (


Innate Abilities, Weirdness & Mutations

You have a pair of horns on your head.
You reflexively headbutt those who attack you in melee.


Message History

The orc priest hits you but does no damage.
It was a potion of curing.
You feel better.
The orc warrior is no longer distracted by gold.
The orc hits you with a +0 mace. The orc warrior closely misses you.
The orc priest barely misses you.
The orc priest hits you but does no damage.
Unknown command.
You feel better. The orc hits you with a +0 mace.
The orc priest closely misses you. The orc priest misses you.
The orc warrior hits you with a +1 heavy scimitar.
You feel more clever all of a sudden. You block the orc's attack.
The orc priest hits you but does no damage. x2
It was a potion of enlightenment.
You feel very buoyant.
You fly up into the air.
The orc hits you but does no damage. You block the orc warrior's attack.
The orc priest hits you but does no damage.
The orc priest mumbles some strange prayers to Beogh against you.
Beogh smites you!
* * * LOW HITPOINT WARNING * * *
You hit the orc. You headbutt the orc.
You kill the orc!
The orc priest hits you but does no damage.
You block the orc warrior's attack.
The orc priest hits you but does no damage.
You block the orc priest's attack.
Things that are here:
8 gold pieces; a +0 mace The orc priest looks satisfied for a moment.
The orc priest calls upon Beogh to heal the orc warrior.
The orc warrior is healed somewhat.
The orc priest calls upon Beogh to heal the orc priest.
The orc priest is healed somewhat.
The orc priest invokes the aid of Beogh against you.
Beogh smites you!
* * * LOW HITPOINT WARNING * * *
The orc warrior hits you with a +1 heavy scimitar!!
You die...
Your body crumbles into a pile of gold.

.... .... .....
####... ###
..........>#
....#.#..#.#
~.......:..#
~.......##@####...
~........oo......#
........##y#######
........$$oo.#
.!..?...##o#.#
....###....<.# ...
+....#..##
....##...#..####
#......#.....#


You could see a hornet, 2 orc warriors, 2 orc priests and an orc.

Vanquished Creatures
  Eustachio (D:6)
  A steam dragon (D:7)
  Grum (D:8)
  4 vampire mosquitoes (D:6)
  Edmund (D:6)
  An orc warrior (D:6)
  An ice beast (D:7)
  2 sky beasts (D:7)
  A black bear (D:5)
  An ogre (D:6)
  2 wolves (D:8)
  A centaur (D:6)
  Blork the orc (D:4)
  2 kobold brigands
  2 bullfrogs
  2 scorpions
  4 killer bees (D:8)
  2 howler monkeys
  2 jellies
  6 hounds
  A bombardier beetle (D:7)
  5 orc priests
  A gnoll bouda (D:7)
  Jessica (D:3)
  4 iguanas
  3 orc wizards
  7 gnolls
  7 adders
  4 white imps
  2 dart slugs
  20 orcs
  3 endoplasms
  A giant cockroach (D:2)
  3 hobgoblins
  7 jackals
  3 quokkas
  8 ball pythons
  7 bats
  2 frilled lizards
  9 goblins
  14 kobolds
  2 rats
152 creatures vanquished.

Vanquished Creatures (others)
  A black bear (D:4)
  A bullfrog (D:4)
  An iguana (D:4)
  An adder (D:4)
  A gnoll (D:4)
  2 endoplasms (D:4)
  A quokka (D:4)
  A ball python (D:4)
9 creatures vanquished.

Grand Total: 161 creatures vanquished

Notes
Turn   | Place    | Note
-------+----------+-------------------------------------------
     0 | D:1      | Fodor the Minotaur Fighter began the quest for the Orb.
     0 | D:1      | Reached XP level 1. HP: 19/19 MP: 0/0
   132 | D:1      | Found Zoudid's Antique Weapon Shoppe.
   490 | D:1      | Reached XP level 2. HP: 27/27 MP: 1/1
   508 | D:1      | Reached skill level 4 in Armour
   831 | D:2      | Reached XP level 3. HP: 33/33 MP: 2/2
  1506 | D:3      | Reached XP level 4. HP: 22/40 MP: 3/3
  1899 | D:3      | Noticed Jessica
  1909 | D:3      | Killed Jessica
  1917 | D:3      | Reached XP level 5. HP: 42/47 MP: 4/4
  1976 | D:3      | Reached skill level 5 in Armour
  2560 | D:4      | Noticed Blork the orc
  2585 | D:4      | Killed Blork the orc
  2586 | D:4      | Reached skill level 1 in Ranged Weapons
  2739 | D:4      | Reached XP level 6. HP: 52/53 MP: 5/5
  2901 | D:4      | Reached skill level 1 in Dodging
  2904 | D:4      | Found a shimmering altar of Xom.
  3146 | D:5      | Entered Level 5 of the Dungeon
  3166 | D:5      | Reached skill level 5 in Axes
  3279 | D:5      | Found a staircase to the Ecumenical Temple.
  3288 | D:5      | Reached skill level 5 in Fighting
  3316 | D:5      | Identified the +1 ring mail "Kunwokef" {Rampage +Blink
                  | Stlth-}
  3355 | Temple   | Entered the Ecumenical Temple
  3428 | Temple   | Became a worshipper of Gozag Ym Sagoz the Greedy
  3619 | D:5      | Reached XP level 7. HP: 42/61 MP: 6/6
  4092 | D:5      | Reached skill level 6 in Armour
  4312 | D:5      | Identified the +3 trident of Awkwardness {heavy, rF+ rC+
                  | rN+}
  4497 | D:6      | Noticed Edmund
  4503 | D:6      | Killed Edmund
  4504 | D:6      | Reached skill level 1 in Polearms
  4504 | D:6      | Reached XP level 8. HP: 38/69 MP: 7/7
  4779 | D:6      | Reached skill level 7 in Armour
  4779 | D:6      | Reached skill level 5 in Shields
  5138 | D:6      | Noticed Eustachio
  5152 | D:6      | Killed Eustachio
  5153 | D:6      | Reached skill level 1 in Stealth
  5200 | D:6      | Reached XP level 9. HP: 78/78 MP: 8/8
  5414 | D:7      | Reached skill level 5 in Polearms
  5564 | D:7      | Reached skill level 8 in Armour
  6723 | D:8      | Found Epiydif's CLEARANCE SALE!.
  6729 | D:8      | Bought a potion of attraction for 18 gold pieces
  6729 | D:8      | Bought a wand of digging (3) for 75 gold pieces
  6755 | D:8      | Noticed Grum
  6768 | D:8      | Killed Grum
  6976 | D:8      | Reached skill level 9 in Armour
  6996 | D:8      | Mangled by an orc warrior

Illustrated notes

Levels and vault maps discovered:
D:1:      minmay_arrival_stair_chambers, layout_basic, serial_shops, shop,
          minmay_misc_feat_x, st_stairs_5
D:2:      layout_basic
D:3:      layout_loops_ring, kennysheep_jessica_study
D:4:      layout_loops_cross, xom_confusion_cloud, uniq_blork_the_orc
D:5:      layout_basic, minmay_temple_entry_junction_2,
          kennysheep_generic_room_8
D:6:      layout_loops_ring, uniq_edmund, uniq_eustachio
D:7:      layout_cave_pools
D:8:      layout_basic, chequers_arboretum, nicolae_shop_clearance, uniq_grum
Temple:   mainiacjoe_temple_cubbyholes

Skill      XL: |  1  2  3  4  5  6  7  8  9 |
---------------+----------------------------+-----
Armour         | 4 5 6 7 9 |  9.0
Fighting       | 4 5 6 7 |  7.8
Shields        | 4 5 6 |  6.4
Axes           | 3 4 5 6 7 |  7.2
Ranged Weapons | 2 3 |  3.1
Dodging        | 1 2 3 4 |  4.2
Polearms       | 1 4 6 |  6.6
Stealth        | 1 |  1.0

Action                     |  1- 3 |  4- 6 |  7- 9 || total
---------------------------+-------+-------+-------++-------
  Melee: War axe           |    78 |    92 |    22 ||   192
         Headbutt          |    12 |    15 |    20 ||    47
         Trident           |       |       |   147 ||   147
   Fire: Sling             |       |    47 |       ||    47
    Use: Potion            |       |     2 |     7 ||     9
 Armour: Scale mail        |    89 |    88 |       ||   177
         Skin              |       |    17 |       ||    17
         Ring mail         |       |    16 |    26 ||    42
         Chain mail        |       |       |   218 ||   218
  Dodge: Dodged            |    38 |    49 |   145 ||   232
  Block: Buckler           |    24 |    35 |    75 ||   134

Table legend: (Time is in decaauts)
 A = Elapsed time spent in this place.
 B = Non-inter-level travel time spent in this place.
 C = Inter-level travel time spent in this place.
 D = Time resting spent in this place.
 E = Time spent auto-exploring this place.
 F = Levels seen in this place.
 G = Mean time per level.
                   A        B        C        D        E       F      G
               +--------+--------+--------+--------+--------+-----+--------+
         Total |   7148 |   6916 |    232 |    980 |   4162 |   9 |  794.2 |
       Dungeon |   7024 |   6868 |    156 |    980 |   4162 |   8 |  878.0 |
        Temple |    123 |     47 |     76 |      0 |      0 |   1 |  123.0 |
               +--------+--------+--------+--------+--------+-----+--------+

Top non-repeatable levels by time:
     D:5: 1136 daAuts
     D:6: 1045 daAuts
     D:7: 1023 daAuts
     D:3: 863 daAuts
     D:4: 842 daAuts
     D:2: 796 daAuts
     D:1: 714 daAuts
     D:8: 601 daAuts
  Temple: 123 daAuts
